Unix NetHack Version 5.0.0-0 post-release - last build May 31 2026 23:59:36 (970b52f25bf058293b47ddfd14a1e40e571c508c,branch:main).

Game began 2026-06-06 13:47:05, ended 2026-06-08 13:59:04.

Fletchius, chaotic male human Monk

                                              -------     ---
                         --------    -------- |..--.--   --.---   --
                        --.|.|..|    |..--..---......|   |....|   .
                        |.......|   --...........|(.--   |....| --.
                         -....1.|   |..........----.------.*..|--.-
                         --...---   |..........^.............#-#..------
                          --.-|  #-#-..........----.-#---###.# #....|<.--
                           |..|  |..............||..--     |%# |..|.....--
                       -----@.-#--..............--...|     |.# #.---[....|
                       |...T....|........--#........-      |.| #.| |....--
                       | ---............-- --.....#.|      |.--#.| --...|
                          -.........`..-    ---.--..|      |..--.|  ---.|
                          .--.........--      --|..--      --....|    |.|
                            |--^.....--     -----.--        ---..|    |.|
                            |.`....`.|      |..|..|           |..|    |.-----
                            |........--     |....--          --..|    |.....|
                            |...(.....-    --...--           |...|    |.-...|
                            --.........|   |....|            --.--    |.....|
                             --.......--   |....|             ---     ----.--
                              ---.|..--    --..--                         --
                                ------      ----
Fletchius the Initiate          St:18 Dx:18 Co:12 In:9 Wi:14 Ch:10  Chaotic
Dlvl:9  $:202 HP:0(55) Pw:44(44) AC:2  Xp:7/1003 T:2539 

Latest messages:
 You produce a shrill whistling sound.
 What do you want to use or apply? [ijntuAEGJKRS or ?*] S
 You produce a shrill whistling sound.
 What do you want to use or apply? [ijntuAEGJKRS or ?*] S
 You produce a shrill whistling sound.
 What do you want to use or apply? [ijntuAEGJKRS or ?*] S
 You produce a shrill whistling sound.
 What do you want to call? [tvC-EKRSU or ?*] S
 Call a whistle: 1
 What do you want to call? [tvC-EKRSU or ?*] R
 Call a whistle called 1: tin
 What do you want to drop? [$a-eg-jl-nrt-vzAC-EGJKPRSU or ?*] R
 You drop a whistle called tin.
 What do you want to drop? [$a-eg-jl-nrt-vzAC-EGJKPSU or ?*] S
 You drop a whistle called tin.
 You descend the stairs.
 There are several objects here.
 You feel strong!
 You must have been exercising diligently.
 You hit the gray unicorn!
 The gray unicorn butts!
 The gray unicorn kicks!
 The gray unicorn butts!
 The gray unicorn kicks!
 You hit the gray unicorn!
 The gray unicorn misses!
 The gray unicorn kicks!
 You hit the gray unicorn!
 The gray unicorn butts!
 The gray unicorn misses!
 You kill the gray unicorn!
 V - a unicorn horn.
 You see here a leash.
 A board beneath you squeaks an E note loudly.
 With great effort you move the boulder.
 With great effort you move the boulder.
 You see here a figurine of an umber hulk.
 A gush of water hits you!
 You hit the invisible troll!
 The invisible troll swings his broad pick.
 The invisible troll misses!
 The invisible troll hits!
 The invisible troll bites!
 You hit the invisible troll!
 The invisible troll swings his broad pick.
 The invisible troll hits!
 The invisible troll hits!
 The invisible troll bites!
 You die...
 Do you want your possessions identified? [ynq] (y) q

Inventory:
 Coins    ('$')
  $ - 202 gold pieces
 Amulets  ('"')
  v - an uncursed amulet of magical breathing (being worn)
 Weapons  (')')
  r - 3 cursed -1 darts
  A - a +1 bullwhip
 Armor    ('[')
  a - an uncursed +2 pair of leather gloves (being worn)
  b - an uncursed +3 robe (being worn)
 Comestibles  ('%')
  z - 2 uncursed bananas
  e - 5 uncursed food rations
  h - 5 uncursed fortune cookies
  g - 7 uncursed oranges
 Scrolls  ('?')
  P - 2 uncursed scrolls of enchant weapon
  U - a blessed scroll of light
  c - 3 uncursed scrolls of remove curse
 Spellbooks  ('+')
  i - a blessed spellbook of protection
 Potions  ('!')
  d - 3 uncursed potions of healing
 Rings    ('=')
  m - a cursed ring of aggravate monster
  l - an uncursed ring of conflict
 Tools    ('(')
  t - an uncursed wooden harp
  G - an uncursed blindfold
  j - a blessed figurine of a pit viper
  u - a cursed lock pick
  n - a blessed magic lamp
  K - an uncursed oil lamp
  J - a +0 pick-axe
  V - a +0 unicorn horn
 Gems/Stones  ('*')
  D - 2 uncursed garnet stones
  C - 2 uncursed worthless pieces of black glass
  E - an uncursed luckstone

Fletchius the Monk's attributes:

Background:
 You were an Initiate, a level 7 male human Monk.
 You were chaotic, on a mission for Huan Ti
 who was opposed by Shan Lai Ching (lawful) and Chih Sung-tzu (neutral).
 You were right-handed.
 You were in the Gnomish Mines, on level 9.
 You entered the dungeon 2539 turns ago.
 You had 1003 experience points, 277 more were needed to attain level 8.

Basics:
 You had 0 out of 55 hit points.
 You had all 44 energy points (spell power).
 Your armor class was 2.
 Your wallet contained 202 zorkmids.
 Autopickup was off.

Final Characteristics:
 Your strength was 18 (limit:18/100).
 Your dexterity was 18 (limit:18).
 Your constitution was 12 (limit:18).
 Your intelligence was 9 (limit:18).
 Your wisdom was 14 (limit:18).
 Your charisma was 10 (limit:18).

Final Status:
 You weren't hungry.
 You were unencumbered.
 You were empty handed.
 You were skilled in martial arts.

Final Attributes:
 You were piously aligned.
 You were sleep resistant.
 You were poison resistant.
 You saw invisible.
 You were warned.
 You were invisible to others.
 You were stealthy.
 You could survive without air.
 You were guarded.
 Your spell casting was enhanced by wearing a robe.
 You were fast.
 You were lucky.
 You had extra luck.
 Bad luck did not time out for you.
 Good luck did not time out for you.
 You are dead.

Miscellaneous:
 You encountered 2 bones levels.
 Total elapsed playing time was 1 hour, 47 minutes and 18 seconds.

Major events:
 Turn
    1: Fletchius the chaotic male human Monk entered the dungeon
  244: entered the Gnomish Mines
  463: attained the rank of Novice (level 3)
 1355: reached Mine Town
 1380: attained the rank of Initiate (level 6)
 2539: killed by an invisible troll

Spells:
 Name                 Level Category     Fail Retention
 protection             1   clerical       0%  76%-100%

Skills:
 Fighting Skills
   martial arts       [Skilled]
 Weapon Skills
   quarterstaff       [Unskilled]
   spear              [Unskilled]
   crossbow           [Unskilled]
   shuriken           [Unskilled]
 Spellcasting Skills
   attack spells      [Unskilled]
   healing spells     [Basic]
   divination spells  [Unskilled]
   enchantment spells [Unskilled]
   clerical spells    [Unskilled]
   escape spells      [Unskilled]
   matter spells      [Unskilled]

Voluntary challenges:
 Character rerolling was not enabled.
 You were vegetarian.
 You never hit with a wielded weapon.
 You never genocided any monsters.
 You never polymorphed an object.
 You never changed form.
 You used no wishes.
Achievements:
 You entered the Gnomish Mines.
 You entered a shop.
 You attained the rank of Novice.
 You entered Minetown.
 You entered a temple.
 You attained the rank of Initiate.

 The Dungeons of Doom: levels 1 to 3
    Level 1:
    Level 2:
       A scroll shop.
       Stairs down to The Gnomish Mines.
    Level 3:
 The Gnomish Mines: levels 3 to 9
    Level 3:
    Level 4:
    Level 5:
       Many shops, a temple and an altar, some fountains.
    Level 6:
    Level 7:
    Level 8:
       A grave.
       Final resting place for
          jvanheel-Rog-Hum-Mal-Cha, killed by a giant spider.
    Level 9: <- You were here.
       Final resting place for
          you, killed by an invisible troll,
          Barrb-Bar-Hum-Fem-Neu, killed by an invisible troll, while praying.


Vanquished creatures:
  a ghost
 an iron piercer
  2 giant spiders
  a brown pudding
  a dwarf leader
  a gray unicorn
  a rock piercer
  a pony
  4 gnome leaders
  6 gnomish wizards
  a straw golem
 11 dwarves
  a rothe
  a wererat
 an iguana
  2 hobbits
  a large kobold
  2 giant rats
  4 cave spiders
  a green mold
 40 gnomes
  3 garter snakes
  3 geckos
  a jackal
  a fox
  2 goblins
  3 sewer rats
  5 grid bugs
  2 lichens
  a kobold zombie
  4 newts
109 creatures vanquished.

No species were genocided or became extinct.

Game over:
                       ----------
                      /          \
                     /    REST    \
                    /      IN      \
                   /     PEACE      \
                  /                  \
                  |    Fletchius     |
                  |      202 Au      |
                  |   killed by an   |
                  | invisible troll  |
                  |                  |
                  |                  |
                  |       2026       |
                 *|     *  *  *      | *
        _________)/\\_//(\/(/\)/\//\/|_)_______

Goodbye Fletchius the Monk...

You died in The Gnomish Mines on dungeon level 9 with 4634 points,
and 202 pieces of gold, after 2539 moves.
You were level 7 with a maximum of 55 hit points when you died.

